General information
- name: BNet
- type: Ladder team game (AT/RT)
- host: Battle.net
- saver: flabchamp23
map: Mur'gulOasis
- players: 8
- length: 42:30
- speed: Fast
- version: 1.26 W3XP
- replay type: Public
» download(220 KB)
Players
team 1 (winner)

»
ShacoTheJester (
purple | 48 APM | 1366 actions | 28:17)
6 Death Knight
3 Death Coil
2 Unholy Aura
1 Animate Dead
4 Lich
2 Frost Nova
2 Dark Ritual
» actions
| Assign group hotkey | 28 | |
| Basic commands | 4 | |
| Build / train | 72 | |
| Enter build submenu | 26 | |
| Enter hero's abilities submenu | 11 | |
| Give item / drop item | 1 | |
| Right click | 497 | |
| Select / deselect | 304 | |
| Select group hotkey | 342 | |
| Use ability | 81 | |
1366 total
» units
| Acolyte | 12 | |
| Ghoul | 4 | |
| Crypt Fiend | 15 | |
| Necromancer | 12 | |
43 total
» upgrades
| Creature Attack | 3 | |
| Web | 1 | |
| Necromancer Training | 2 | |
| Skeletal Longevity | 1 | |
| Unholy Strength | 1 | |
| Unholy Armor | 1 | |
| Creature Carapace | 1 | |
10 total
» buildings
| Ziggurat | 9 | |
| Crypt | 1 | |
| Graveyard | 1 | |
| Altar of Darkness | 1 | |
| Halls of the Dead | 1 | |
| Tomb of Relics | 1 | |
| Temple of the Damned | 2 | |
| Black Citadel | 1 | |
| Spirit Tower | 1 | |
| Necropolis | 2 | |
| Sacrificial Pit | 1 | |
| Boneyard | 2 | |
23 total
» build order
00:24 Ziggurat
00:29 Crypt
01:02 Graveyard
01:13 Ziggurat
01:30 Altar of Darkness
02:13 Ziggurat
03:29 Ziggurat
05:00 Halls of the Dead
05:18 Ziggurat
06:24 Ziggurat
06:38 Tomb of Relics
10:33 Temple of the Damned
10:52 Ziggurat
11:27 Ziggurat
14:10 Temple of the Damned
14:16 Black Citadel
17:57 Spirit Tower
20:41 Ziggurat
26:11 Necropolis
26:58 Sacrificial Pit
27:14 Necropolis
28:07 Boneyard
28:12 Boneyard
» items
| Scroll of Town Portal | 2 | |
| Scroll of Healing | 2 | |
4 total
CARMELO (
red | 55 APM | 2316 actions | 42:29)
5 Tauren Chieftain
3 Endurance Aura
2 War Stomp
4 Shadow Hunter
2 Healing Wave
2 Hex
3 Blademaster
1 Wind Walk
2 Critical Strike
» actions
| Assign group hotkey | 3 | |
| Basic commands | 24 | |
| Build / train | 86 | |
| Enter build submenu | 36 | |
| Enter hero's abilities submenu | 12 | |
| Give item / drop item | 4 | |
| Remove unit from queue | 2 | |
| Right click | 1527 | |
| Select / deselect | 505 | |
| Use ability | 116 | |
2316 total
» units
| Peon | 13 | |
| Grunt | 12 | |
| Shaman | 5 | |
| Tauren | 3 | |
| Troll Witch Doctor | 1 | |
34 total
» upgrades
| Armor | 2 | |
| Melee Weapons | 2 | |
| Berserker Strength | 1 | |
| Shaman Training | 2 | |
| Pillage | 1 | |
| Reinforced Defenses | 1 | |
| Spiked Barricades | 1 | |
| Pulverize | 1 | |
| Witch Doctor Training | 1 | |
12 total
» buildings
| War Mill | 1 | |
| Orc Burrow | 5 | |
| Altar of Storms | 1 | |
| Barracks | 1 | |
| Voodoo Lounge | 2 | |
| Watch Tower | 14 | |
| Stronghold | 5 | |
| Fortress | 1 | |
| Spirit Lodge | 3 | |
| Tauren Totem | 1 | |
34 total
» build order
00:19 War Mill
00:34 Orc Burrow
01:07 Altar of Storms
01:19 Barracks
01:36 Orc Burrow
01:58 Orc Burrow
02:12 Voodoo Lounge
02:44 Watch Tower
03:15 Watch Tower
04:33 Voodoo Lounge
05:36 Stronghold
05:36 Stronghold
05:37 Stronghold
05:37 Stronghold
06:23 Watch Tower
08:36 Fortress
09:32 Spirit Lodge
10:35 Spirit Lodge
10:54 Orc Burrow
11:35 Spirit Lodge
13:44 Tauren Totem
21:13 Watch Tower
21:16 Watch Tower
21:18 Watch Tower
21:20 Watch Tower
21:23 Watch Tower
22:04 Orc Burrow
23:17 Watch Tower
23:20 Watch Tower
23:24 Watch Tower
24:47 Watch Tower
24:50 Watch Tower
25:37 Watch Tower
» items
| Healing Salve | 4 | |
| Scroll of Speed | 1 | |
| Potion of Healing | 3 | |
| Lesser Clarity Potion | 1 | |
| Orb of Lightning | 3 | |
| Tiny Great Hall | 1 | |
| Scroll of Town Portal | 1 | |
14 total
flabchamp23 (
teal | 48 APM | 2027 actions | 42:30)
5 Blademaster
3 Wind Walk
2 Critical Strike
» actions
| Assign group hotkey | 29 | |
| Basic commands | 325 | |
| Build / train | 63 | |
| Enter build submenu | 54 | |
| Enter hero's abilities submenu | 5 | |
| Give item / drop item | 26 | |
| Remove unit from queue | 1 | |
| Right click | 621 | |
| Select / deselect | 417 | |
| Select group hotkey | 243 | |
| Use ability | 243 | |
2027 total
» units
| Peon | 12 | |
| Grunt | 4 | |
| Wind Rider | 6 | |
| Acolyte | 1 | |
| Demolisher | 1 | |
24 total
» upgrades
| Ranged Weapons | 3 | |
| Armor | 3 | |
| Reinforced Defenses | 1 | |
| Burning Oil | 1 | |
8 total
» buildings
| Orc Burrow | 6 | |
| Altar of Storms | 1 | |
| Barracks | 7 | |
| Voodoo Lounge | 3 | |
| War Mill | 2 | |
| Stronghold | 1 | |
| Watch Tower | 29 | |
| Beastiary | 4 | |
| Great Hall | 3 | |
| Fortress | 1 | |
57 total
» build order
00:10 Orc Burrow
00:49 Altar of Storms
00:58 Barracks
01:19 Orc Burrow
02:08 Voodoo Lounge
02:27 War Mill
03:58 Orc Burrow
04:12 Stronghold
04:55 Watch Tower
04:56 Watch Tower
04:57 Watch Tower
05:42 Watch Tower
05:43 Watch Tower
05:48 Orc Burrow
07:04 Beastiary
07:04 Beastiary
11:56 Great Hall
11:58 Watch Tower
11:59 Watch Tower
11:59 Watch Tower
11:59 Watch Tower
12:03 Watch Tower
12:04 Watch Tower
12:05 Watch Tower
12:06 Watch Tower
13:10 Voodoo Lounge
13:15 Watch Tower
13:16 Watch Tower
13:32 Fortress
14:38 War Mill
15:22 Great Hall
15:26 Watch Tower
15:27 Watch Tower
15:27 Watch Tower
15:28 Watch Tower
15:46 Watch Tower
16:43 Watch Tower
16:43 Watch Tower
16:44 Watch Tower
16:47 Watch Tower
17:04 Voodoo Lounge
19:32 Watch Tower
19:33 Watch Tower
19:34 Watch Tower
19:35 Watch Tower
19:39 Watch Tower
19:42 Beastiary
19:52 Beastiary
19:59 Orc Burrow
20:04 Orc Burrow
20:51 Great Hall
29:27 Barracks
29:28 Barracks
29:29 Barracks
29:30 Barracks
29:31 Barracks
29:32 Barracks
» items
| Healing Salve | 11 | |
| Scroll of Town Portal | 1 | |
| Lesser Clarity Potion | 2 | |
| Orb of Lightning | 1 | |
| Staff of Teleportation | 1 | |
| Periapt of Vitality | 1 | |
| Potion of Healing | 5 | |
22 total
rubioforpres (
orange | 28 APM | 1184 actions | 42:29)
5 Dreadlord
2 Sleep
3 Vampiric Aura
4 Death Knight
2 Death Coil
2 Unholy Aura
» actions
| Assign group hotkey | 13 | |
| Basic commands | 12 | |
| Build / train | 46 | |
| Enter build submenu | 21 | |
| Enter hero's abilities submenu | 9 | |
| Remove unit from queue | 1 | |
| Right click | 377 | |
| Select / deselect | 232 | |
| Select group hotkey | 403 | |
| Use ability | 70 | |
1184 total
» units
| Acolyte | 2 | |
| Ghoul | 10 | |
| Abomination | 9 | |
21 total
» upgrades
| Cannibalize | 1 | |
| Unholy Strength | 3 | |
| Unholy Armor | 3 | |
| Disease Cloud | 1 | |
8 total
» buildings
| Crypt | 1 | |
| Ziggurat | 9 | |
| Altar of Darkness | 1 | |
| Graveyard | 1 | |
| Halls of the Dead | 2 | |
| Slaughterhouse | 2 | |
| Black Citadel | 1 | |
| Spirit Tower | 2 | |
| Necropolis | 1 | |
20 total
» build order
00:03 Crypt
00:04 Ziggurat
00:44 Altar of Darkness
02:00 Ziggurat
02:13 Graveyard
02:34 Ziggurat
03:27 Halls of the Dead
05:42 Ziggurat
06:01 Slaughterhouse
06:40 Black Citadel
07:17 Ziggurat
08:54 Slaughterhouse
17:46 Spirit Tower
17:46 Spirit Tower
21:40 Necropolis
23:17 Ziggurat
23:19 Ziggurat
23:23 Halls of the Dead
23:26 Ziggurat
23:28 Ziggurat
team 2 (loser)

»
Thunderfudge (
blue | 52 APM | 1124 actions | 21:44)
4 Archmage
2 Summon Water Elemental
1 Brilliance Aura
1 Blizzard
1 Crypt Lord
1 Impale
» actions
| Build / train | 60 | |
| Enter build submenu | 15 | |
| Enter hero's abilities submenu | 5 | |
| Remove unit from queue | 1 | |
| Right click | 695 | |
| Select / deselect | 295 | |
| Use ability | 53 | |
1124 total
» units
| Peasant | 9 | |
| Footman | 8 | |
| Rifleman | 10 | |
| Siege Engine | 8 | |
| Acolyte | 3 | |
| Crypt Fiend | 4 | |
42 total
» upgrades
| Defend | 1 | |
| Gunpowder | 3 | |
| Armor | 1 | |
| Barrage | 1 | |
| Lumber Harvesting | 1 | |
| Plating | 1 | |
8 total
» buildings
| Altar of Kings | 1 | |
| Barracks | 1 | |
| Farm | 8 | |
| Arcane Vault | 1 | |
| Blacksmith | 1 | |
| Keep | 1 | |
| Castle | 1 | |
| Workshop | 2 | |
| Lumber Mill | 1 | |
17 total
» build order
00:10 Altar of Kings
00:20 Barracks
00:35 Farm
01:15 Farm
01:46 Farm
02:14 Arcane Vault
02:27 Farm
03:10 Farm
03:54 Blacksmith
04:46 Keep
06:40 Farm
08:29 Castle
09:41 Workshop
12:09 Workshop
13:36 Lumber Mill
14:48 Farm
16:50 Farm
» items

»
Liberty- (
yellow | 32 APM | 460 actions | 14:14)
3 Archmage
2 Summon Water Elemental
1 Blizzard
» actions
| Assign group hotkey | 9 | |
| Basic commands | 9 | |
| Build / train | 37 | |
| Enter build submenu | 15 | |
| Enter hero's abilities submenu | 3 | |
| Remove unit from queue | 2 | |
| Right click | 187 | |
| Select / deselect | 164 | |
| Select group hotkey | 4 | |
| Use ability | 30 | |
460 total
» units
| Peasant | 7 | |
| Footman | 13 | |
| Mortar Team | 8 | |
28 total
» buildings
| Farm | 6 | |
| Altar of Kings | 1 | |
| Barracks | 1 | |
| Keep | 1 | |
| Arcane Vault | 1 | |
| Scout Tower | 2 | |
| Arcane Tower | 2 | |
| Lumber Mill | 1 | |
| Blacksmith | 1 | |
| Workshop | 4 | |
| Castle | 1 | |
21 total
» build order
00:37 Farm
00:43 Altar of Kings
01:17 Barracks
01:43 Farm
02:22 Farm
03:01 Farm
04:52 Keep
04:59 Arcane Vault
05:05 Scout Tower
05:07 Scout Tower
05:49 Arcane Tower
06:15 Farm
06:16 Farm
06:25 Arcane Tower
06:40 Lumber Mill
06:45 Blacksmith
08:37 Workshop
08:44 Workshop
09:35 Workshop
10:25 Workshop
11:03 Castle
» items
124u15712577815 (
pink | 75 APM | 3208 actions | 42:29)
8 Archmage
3 Summon Water Elemental
3 Brilliance Aura
1 Mass Teleport
1 Blizzard
» actions
| Assign group hotkey | 149 | |
| Basic commands | 123 | |
| Build / train | 143 | |
| ESC pressed | 1 | |
| Enter build submenu | 39 | |
| Enter hero's abilities submenu | 8 | |
| Give item / drop item | 11 | |
| Right click | 1148 | |
| Select / deselect | 435 | |
| Select group hotkey | 862 | |
| Use ability | 289 | |
3208 total
» units
| Peasant | 13 | |
| Footman | 1 | |
| Rifleman | 12 | |
| Acolyte | 5 | |
| Dragonhawk Rider | 1 | |
| Gryphon Rider | 4 | |
36 total
» upgrades
| Gunpowder | 3 | |
| Armor | 3 | |
| Masonry | 3 | |
| Long Rifles | 1 | |
| Cloud | 1 | |
| Animal War Training | 1 | |
| Swords | 3 | |
| Storm Hammers | 1 | |
16 total
» buildings
| Farm | 10 | |
| Altar of Kings | 1 | |
| Barracks | 1 | |
| Blacksmith | 1 | |
| Arcane Vault | 3 | |
| Lumber Mill | 1 | |
| Keep | 5 | |
| Castle | 3 | |
| Scout Tower | 13 | |
| Guard Tower | 9 | |
| Spirit Tower | 9 | |
| Workshop | 1 | |
| Ziggurat | 4 | |
| Cannon Tower | 14 | |
| Gryphon Aviary | 2 | |
| Town Hall | 1 | |
78 total
» build order
01:09 Farm
01:10 Farm
01:16 Farm
01:24 Altar of Kings
01:38 Barracks
01:44 Blacksmith
02:36 Farm
02:40 Arcane Vault
02:46 Arcane Vault
02:50 Lumber Mill
03:48 Farm
05:05 Keep
05:05 Keep
05:05 Keep
05:40 Farm
07:53 Castle
07:53 Castle
08:53 Farm
10:46 Scout Tower
10:46 Scout Tower
10:47 Scout Tower
10:49 Scout Tower
10:55 Scout Tower
11:00 Scout Tower
12:08 Guard Tower
12:08 Guard Tower
12:09 Guard Tower
12:56 Spirit Tower
12:56 Spirit Tower
12:57 Spirit Tower
14:34 Workshop
15:10 Ziggurat
15:14 Ziggurat
15:15 Ziggurat
16:13 Ziggurat
16:53 Arcane Vault
17:47 Scout Tower
17:48 Scout Tower
17:52 Scout Tower
17:54 Scout Tower
18:23 Guard Tower
18:23 Guard Tower
18:23 Guard Tower
18:39 Guard Tower
18:42 Cannon Tower
18:42 Cannon Tower
18:43 Cannon Tower
18:55 Spirit Tower
18:55 Spirit Tower
18:55 Spirit Tower
20:07 Gryphon Aviary
20:09 Gryphon Aviary
21:00 Scout Tower
21:03 Scout Tower
22:42 Cannon Tower
22:42 Cannon Tower
22:42 Cannon Tower
22:43 Cannon Tower
22:44 Scout Tower
24:35 Farm
24:37 Farm
24:38 Farm
24:41 Cannon Tower
24:41 Cannon Tower
39:30 Town Hall
» items
| Scroll of Regeneration | 7 | |
| Mechanical Critter | 5 | |
| Staff of Sanctuary | 1 | |
| Scroll of Town Portal | 3 | |
| Potion of Healing | 4 | |
| Lesser Clarity Potion | 1 | |
| Potion of Lesser Invulnerability | 2 | |
| Scroll of Protection | 1 | |
24 total
dupeski (
green | 42 APM | 441 actions | 10:37)
1 Crypt Lord
1 Carrion Beetles
» actions
| Assign group hotkey | 9 | |
| Basic commands | 25 | |
| Build / train | 37 | |
| Enter build submenu | 11 | |
| Enter hero's abilities submenu | 1 | |
| Right click | 166 | |
| Select / deselect | 123 | |
| Select group hotkey | 50 | |
| Use ability | 19 | |
441 total
» units
| Acolyte | 5 | |
| Ghoul | 16 | |
| Crypt Fiend | 5 | |
26 total
» upgrades
| Unholy Strength | 1 | |
| Unholy Armor | 1 | |
2 total
» buildings
| Altar of Darkness | 1 | |
| Ziggurat | 6 | |
| Crypt | 1 | |
| Nerubian Tower | 1 | |
| Tomb of Relics | 2 | |
| Graveyard | 1 | |
| Spirit Tower | 2 | |
| Halls of the Dead | 1 | |
15 total
» build order
00:09 Altar of Darkness
00:13 Ziggurat
00:19 Crypt
01:08 Nerubian Tower
01:18 Tomb of Relics
01:26 Tomb of Relics
02:00 Ziggurat
02:34 Graveyard
03:56 Spirit Tower
04:52 Ziggurat
07:18 Ziggurat
07:19 Ziggurat
07:49 Halls of the Dead
08:07 Ziggurat
08:12 Spirit Tower
» items
| Rod of Necromancy | 2 | |
| Sacrificial Skull | 1 | |
3 total
Chat log
(03:59 / Allies) CARMELO: THEY ARE RUSHING ME BRO
(07:01 / Allies) CARMELO: COMING AGAIN BRO
(07:44 / Allies) flabchamp23: shall I tp
(07:50 / Allies) CARMELO: NO
(15:41 / Allies) flabchamp23: lumbers?
(16:04 / Allies) flabchamp23: can I get some lumbs
(17:17 / Allies) flabchamp23: lumber?
(17:27 / All) 124u15712577815: nice try
(19:50 / All) 124u15712577815: Nice mh btw red
(19:55 / All) 124u15712577815: you were towering and turtling at the start of the game
(19:58 / All) 124u15712577815: and knew we were rushing
(20:10 / All) CARMELO: SHUT UP NOOB
(20:24 / All) 124u15712577815: You lost
(20:32 / All) CARMELO: HOW?
(20:36 / All) 124u15712577815: Wait and see
(20:59 / All) CARMELO: DROP HACK?
(21:05 / All) flabchamp23: kept trying to press r with my hero selected TT
(21:07 / All) 124u15712577815: lol
(21:12 / Allies) flabchamp23: lumbeR?
(22:25 / Allies) flabchamp23: lumber?
(24:21 / Allies) ShacoTheJester: why
(24:28 / Allies) flabchamp23: NEED LUMBER
(24:29 / All) 124u15712577815: Out
(24:33 / Allies) ShacoTheJester: i ave you 500
(24:34 / Allies) ShacoTheJester: wtf
(24:43 / Allies) flabchamp23: ORANGE LUMBER HOARDING
(24:48 / Allies) ShacoTheJester: sowhy kill me
(24:51 / Allies) ShacoTheJester: if i gave you lumber
(25:08 / Allies) ShacoTheJester: just win
(25:10 / Allies) ShacoTheJester: andlets move on
(25:36 / Allies) ShacoTheJester: guys
(25:37 / Allies) ShacoTheJester: just win
(25:54 / Allies) CARMELO: DON'T FEED HIM
(26:17 / All) 124u15712577815: out
(26:17 / Allies) ShacoTheJester: stop
(26:18 / Allies) ShacoTheJester: red
(26:28 / Allies) CARMELO: HE'S ON PINKS SIDE
(26:36 / Allies) CARMELO: NEED TO TAKE HIM OUT TO WIN
(26:45 / Allies) ShacoTheJester: teal you gonna kill me next?
(27:32 / All) 124u15712577815: out noobs
(27:33 / Allies) flabchamp23: Traitors, they're everywhere
(27:39 / All) ShacoTheJester: tk wonit for you
(27:40 / Allies) ShacoTheJester: but gj
(27:49 / All) 124u15712577815: I won it for me
(27:52 / All) 124u15712577815: out
(27:55 / All) CARMELO: TEAL WON IT FOR YOU
(27:57 / All) 124u15712577815: excuses excuses
(28:02 / All) 124u15712577815: wahhh wahhh baby
(28:06 / All) flabchamp23: uh oh nap time
(28:07 / All) rubioforpres: i wish i was half as good as pink and teal
(28:11 / All) CARMELO: SUCK HIS DICK BRO...HE DESERVES IT
(29:01 / All) 124u15712577815: Nice try red
(29:07 / All) 124u15712577815: but your maphack doesn't show pre-planned tks
(29:09 / All) 124u15712577815: or give you a brain
(29:10 / All) flabchamp23: red has latency hack too
(29:15 / All) 124u15712577815: lol
(29:36 / All) 124u15712577815: ressing that tauren chieftain won't do much for you at this point red buddy
(29:43 / All) CARMELO: SHUT UP NOOB
(29:47 / All) 124u15712577815: out, noob
(29:53 / All) 124u15712577815: 0-1 now
(29:57 / All) 124u15712577815: time to make a new account
(30:00 / All) 124u15712577815: try to get a good record with mh again
(30:07 / All) CARMELO: YOU'RE RETARDED
(31:37 / All) 124u15712577815: nice latency hack lol
(31:50 / All) CARMELO: NOOB
(31:55 / All) 124u15712577815: You lose
(31:56 / All) 124u15712577815: I win
(31:58 / All) 124u15712577815: You're the noob
(31:59 / All) flabchamp23: I tried to give the cloak and ring to my hero but he had latency hack
(32:00 / All) CARMELO: I DON'T CARE
(32:06 / All) flabchamp23: the lich never went my way
(32:08 / All) 124u15712577815: then leave
(32:51 / All) flabchamp23: cool towers
(33:02 / All) CARMELO: COOL NOOBS
(33:40 / All) flabchamp23: you can run but you cannot hide from the long arm of the law
(34:54 / All) 124u15712577815: nice mh know just where my peasants are lol
(35:02 / All) 124u15712577815: level 3 LOL
(35:06 / Allies) CARMELO: ATTACKED YOUR BASE BRO
(36:01 / All) CARMELO: QUEERS
(36:03 / All) 124u15712577815: nice try
(36:09 / All) 124u15712577815: couldn't get my gryphon
(36:17 / All) CARMELO: DOES IT EVEN MATTER?
(36:21 / All) 124u15712577815: out
(37:03 / All) CARMELO: ENJOY YOUR GAY SHIT...PC
(37:10 / All) 124u15712577815: out
(41:39 / All) flabchamp23: anything to say for yourselves?